Map: Kairos Junction LE

Players

Pathos

  • Race: Protoss Protoss
  • League: Master
  • Spawn Location: 5:00

sirshane - Winner!

  • Race: Zerg Zerg
  • League: Master
  • Spawn Location: 11:00

VOD

Have the link to the VOD?

Description

Time

  • Played on: March 19, 2019, 4:42 p.m.
  • Length: 37:22
Show
View Real Time Build Order
Export as new Build Order

Pathos Protoss 

Build Orders:  

Get SALT Encoding   

  12  0:02  Probe  
  13  0:14  Probe  
  13  0:18  Pylon  
  14  0:25  Probe  
  15  0:33  Probe  
  16  0:44  Gateway  
  16  0:51  Assimilator  
  16  0:52  Probe  
  17  1:04  Probe  
  18  1:12  Probe  
  18  1:14  Pylon  
  19  1:20  Probe  
  20  1:36  Zealot  
  22  1:42  Cybernetics Core  
  22  1:49  Gateway  
  22  1:53  Pylon  
  22  1:55  Probe  
  24  2:17  Adept  
  24  2:20  Nexus  
  24  2:29  Assimilator  
  24  2:37  Probe  
  24  2:38  Warp Gate  
  24  2:39  Adept  
  27  2:54  Probe  
  28  2:58  Adept  
  30  3:06  Probe  
  30  3:12  Pylon  
  31  3:27  Probe  
  32  3:35  Stargate, Probe  
  32  3:37  Gateway  
  32  3:38  Probe  
  32  3:59  Adept  
  32  4:06  Adept  
  34  4:10  Shield Battery  
  34  4:11  Shield Battery  
  34  4:20  Shield Battery  
  34  4:21  Oracle  
  37  4:26  Probe  
  37  4:27  Probe  
  36  4:48  Oracle  
  33  4:58  Probe  
  33  4:59  Sentry  
  39  5:01  Zealot  
  39  5:05  Probe  
  41  5:10  Probe  
  41  5:13  Probe  
  44  5:22  Probe  
  44  5:28  Adept x3  
  51  5:36  Probe  
  52  5:46  Probe  
  53  5:52  Pylon  
  53  5:55  Twilight Council  
  53  5:56  Pylon  
  53  6:11  Resonating Glaives  
  47  6:25  Probe, Oracle  
  46  6:26  Probe  
  46  6:28  Assimilator  
  46  6:31  Assimilator  
  48  6:38  Probe x2  
  42  6:45  Gateway x2  
  42  6:50  Probe  
  43  7:00  Adept x3  
  49  7:06  Probe x2  
  51  7:14  Probe  
  51  7:16  Oracle  
  55  7:23  Probe  
  56  7:30  Probe  
  56  7:34  Pylon  
  57  7:44  Adept x3  
  57  7:59  Adept x2  
  61  8:15  Adept x3  
  67  8:26  Robotics Facility  
  67  8:27  Pylon  
  65  8:39  Pylon  
  65  8:40  Pylon  
  57  9:01  Charge  
  51  9:13  Warp Prism  
  53  9:19  Gateway x2  
  51  9:24  Probe  
  51  9:27  Probe  
  53  9:38  Oracle  
  52  9:57  Dark Shrine  
  52  10:13  Zealot x5, Pylon  
  62  10:14  Immortal  
  62  10:15  Pylon  
  65  10:38  Zealot x3  
  65  10:39  Zealot x4  
  76  10:55  Templar Archives  
  76  10:57  Gateway  
  76  10:58  Gateway  
  70  11:27  Zealot x3  
  64  11:34  Dark Templar x3  
  70  11:40  Oracle  
  73  12:18  High Templar x7  
  87  12:23  Archon x2  
  87  12:24  Archon  
  87  12:31  Archon  
  87  12:35  Archon  
  87  12:40  Dark Templar x2  
  90  12:49  Nexus  
  90  13:12  Zealot x2  
  86  13:13  Zealot x7  
  94  13:35  Zealot  
  94  13:36  Zealot x5  
  94  13:40  Probe x2  
  96  13:52  Zealot  
  96  13:53  Zealot  
  88  13:57  Probe x2  
  74  14:27  High Templar x3  
  74  14:28  High Templar  
  82  14:31  Archon  
  82  14:32  Archon  
  82  14:33  Dark Templar x2  
  84  14:39  Archon  
  84  14:44  Dark Templar x2  
  88  14:52  Probe  
  88  14:56  Probe  
  90  15:00  Probe x2  
  86  15:16  Probe  
  86  15:17  Probe x2  
  85  15:25  Immortal  
  89  15:32  Assimilator  
  89  15:34  Assimilator  
  89  15:36  Pylon  
  89  15:37  Dark Templar x2  
  93  15:44  Archon  
  89  16:03  Warp Prism, Oracle  
  68  16:30  Zealot x2  
  73  16:40  Immortal  
  73  16:45  Oracle  
  72  17:06  Nexus  
  72  17:07  Zealot, Dark Templar x2  
  72  17:08  Zealot x5, Pylon  
  84  17:11  Pylon  
  74  17:32  Immortal  
  74  17:34  Probe  
  74  17:35  Probe  
  72  17:38  Assimilator  
  72  17:39  Oracle  
  75  17:47  Probe x2  
  77  17:59  Probe x2  
  79  18:11  Probe  
  80  18:15  Pylon  
  80  18:16  Oracle  
  81  18:31  Nexus  
  81  18:33  Pylon  
  81  18:44  Zealot x3  
  83  18:56  Assimilator  
  80  19:06  Dark Templar x2  
  80  19:09  Dark Templar  
  81  19:38  Phoenix  
  75  19:55  Phoenix  
  75  20:20  Phoenix  
  68  20:29  Dark Templar  
  70  20:38  Assimilator  
  70  20:42  Assimilator  
  67  20:45  Phoenix  
  69  21:03  Zealot x2  
  73  21:10  Phoenix  
  73  21:25  Probe  
  73  21:29  Gateway  
  73  21:31  Gateway  
  69  21:34  Gateway  
  69  21:36  Gateway  
  64  21:57  Zealot  
  64  22:03  Forge  
  62  22:25  Zealot  
  62  22:29  Zealot  
  64  22:39  Photon Cannon  
  64  22:43  Photon Cannon  
  64  22:45  Zealot x2  
  64  22:46  Cybernetics Core  
  66  22:58  Photon Cannon  
  66  23:00  Photon Cannon  
  66  23:04  Photon Cannon  
  64  23:07  Photon Cannon  
  64  23:11  Zealot x3  
  70  23:19  Zealot  
  62  24:02  Zealot x2  
  58  24:14  Probe x2  
  58  24:15  Nexus  
  58  24:17  Pylon  
  58  24:20  Pylon  
  58  24:23  Zealot x4, Assimilator  
  58  24:25  Assimilator  
  58  24:26  Probe x2  
  54  24:32  Twilight Council  
  48  24:46  Zealot  
  48  24:47  Zealot x3  
  48  24:48  Probe  
  47  24:53  Probe  
  46  25:00  Probe  
  46  25:06  Probe  
  46  25:12  Probe  
  43  25:21  Probe  
  43  25:24  Pylon, Probe  
  45  25:33  Probe  
  43  25:37  Probe  
  43  25:39  Templar Archives  
  43  25:46  Probe  
  37  25:54  Zealot x2  
  37  25:55  Zealot  
  42  26:17  High Templar x2  
  42  26:18  High Templar x2  
  50  26:23  Archon  
  50  26:24  Archon  
  33  26:52  Probe x2  
  35  27:04  High Templar x2  
  35  27:05  High Templar x2  
  43  27:14  Archon x2  
  39  28:02  Pylon  
  39  28:17  Pylon  
  39  28:18  Pylon  
  38  28:23  High Templar x2  
  38  28:25  High Templar x2  
  46  28:30  Archon x2  
  46  29:07  Zealot x3  
  45  29:35  High Templar x2  
  47  29:48  Archon  
  47  30:32  Zealot  
  47  30:35  Nexus  
  45  30:41  Probe  
  46  31:10  High Templar  
  45  31:26  High Templar  
  47  31:39  Archon  
  47  31:47  Probe  
  48  31:59  Probe  
  49  32:18  Probe x2  
  51  32:28  High Templar x2  
  55  32:30  Probe  
  54  32:39  Archon  
  54  32:40  High Templar  
  56  32:55  High Templar  
  48  33:35  Archon  
  46  34:30  High Templar  
  40  34:58  Pylon  
Show
View Real Time Build Order
Export as new Build Order

sirshane Zerg - Winner!

Build Orders: Pool First, Swarm Host 

Get SALT Encoding   

  12  0:00  Drone  
  13  0:14  Extractor  
  12  0:25  Spawning Pool  
  12  0:28  Drone  
  12  0:32  Drone  
  13  0:37  Drone  
  14  0:47  Overlord  
  14  1:14  Zergling x6  
  17  1:19  Queen  
  19  1:27  Drone  
  20  1:51  Hatchery  
  19  1:55  Drone  
  19  1:59  Drone  
  20  2:19  Drone x2  
  20  2:21  Lair  
  21  2:24  Overlord  
  21  2:40  Overlord  
  21  2:45  Drone  
  21  2:46  Drone x2  
  24  2:58  Drone  
  24  3:04  Queen  
  24  3:05  Zergling x2  
  27  3:06  Metabolic Boost  
  27  3:09  Zergling x2  
  28  3:16  Zergling x2  
  29  3:20  Zergling x6  
  32  3:29  Zergling x4  
  32  3:33  Zergling x2  
  35  3:36  Zergling x2  
  34  3:53  Drone  
  34  3:54  Drone x4  
  38  4:11  Drone x3  
  38  4:16  Drone  
  38  4:17  Drone  
  43  4:20  Drone, Spore Crawler  
  43  4:24  Overlord x2  
  43  4:31  Baneling Nest  
  42  4:38  Drone x2  
  40  4:46  Drone x2  
  40  4:47  Drone  
  40  4:48  Drone  
  40  4:49  Drone x2  
  46  4:58  Zergling x4  
  46  5:03  Zergling x4  
  48  5:08  Spine Crawler, Zergling x6  
  50  5:16  Zergling x2  
  51  5:25  Drone  
  51  5:26  Drone  
  51  5:33  Drone x2  
  51  5:34  Drone x2  
  55  5:42  Overlord x2, Baneling x2  
  55  5:50  Baneling x2  
  55  5:52  Drone x2  
  55  5:53  Drone  
  55  5:55  Extractor, Zergling x2  
  57  5:59  Infestation Pit  
  57  6:01  Zergling x2  
  57  6:02  Zergling x8  
  59  6:09  Zergling x2  
  60  6:11  Queen  
  59  6:21  Zergling x8  
  58  6:35  Drone x2  
  58  6:36  Drone  
  59  6:40  Drone x2  
  59  6:42  Drone  
  62  6:47  Extractor  
  62  6:49  Hatchery  
  62  6:50  Drone  
  62  6:51  Drone x2  
  62  7:00  Spore Crawler  
  61  7:06  Queen  
  63  7:08  Baneling x3  
  63  7:09  Baneling  
  63  7:14  Drone, Burrow  
  63  7:15  Drone x2  
  66  7:22  Zergling x8  
  70  7:35  Extractor  
  68  7:43  Swarm Host  
  68  7:44  Swarm Host x2, Spore Crawler  
  75  7:57  Swarm Host  
  73  7:59  Drone x2  
  73  8:00  Drone  
  75  8:06  Overlord x2  
  75  8:08  Drone x3  
  75  8:12  Spore Crawler  
  73  8:20  Evolution Chamber  
  73  8:21  Swarm Host x2  
  73  8:22  Queen  
  73  8:23  Evolution Chamber  
  73  8:24  Drone  
  73  8:25  Drone  
  73  8:26  Spine Crawler  
  76  8:29  Zergling x2  
  70  8:35  Spine Crawler  
  70  8:38  Spine Crawler  
  68  8:44  Swarm Host  
  68  8:45  Swarm Host, Drone x17  
  74  8:55  Drone  
  73  9:00  Queen  
  73  9:02  Swarm Host x2  
  77  9:04  Drone  
  77  9:05  Drone x2  
  79  9:14  Drone x8  
  79  9:16  Extractor  
  78  9:18  Extractor  
  78  9:19  Drone x3  
  78  9:20  Drone  
  78  9:22  Drone x10  
  80  9:24  Drone x3  
  80  9:25  Drone x5  
  88  9:38  Zerg Missile Weapons Level 1  
  88  9:39  Drone x3  
  88  9:51  Zergling x8  
  89  9:59  Hatchery  
  88  10:10  Drone x10  
  97  10:22  Zergling x2  
  97  10:23  Hatchery  
  97  10:24  Overlord x2  
  97  10:30  Queen  
  91  10:40  Spore Crawler  
  91  10:41  Zergling x16  
  98  10:49  Zergling x4  
  100  10:53  Zerg Ground Armor Level 1  
  100  11:02  Drone x4  
  102  11:08  Drone x6  
  108  11:11  Swarm Host x2  
  114  11:23  Zergling x10, Spore Crawler  
  114  11:25  Spore Crawler  
  111  11:36  Swarm Host  
  124  11:40  Zergling x6  
  116  11:54  Overseer  
  116  11:57  Swarm Host  
  116  11:58  Swarm Host x3  
  113  12:03  Baneling x6  
  113  12:04  Baneling x2  
  113  12:11  Zergling x8  
  120  12:18  Zergling x2  
  120  12:19  Zergling x4  
  123  12:26  Overlord  
  123  12:27  Overlord  
  123  12:31  Overlord  
  123  12:46  Swarm Host  
  123  12:48  Overlord  
  126  12:52  Spire, Zerg Melee Weapons Level 1  
  126  12:56  Hatchery  
  124  12:58  Extractor  
  124  13:00  Baneling x3  
  124  13:01  Baneling x3  
  98  13:32  Zergling x30  
  107  13:44  Swarm Host x3  
  107  13:45  Swarm Host  
  113  14:00  Swarm Host x3  
  116  14:27  Spine Crawler  
  116  14:28  Spine Crawler, Hatchery  
  110  14:53  Hatchery  
  106  15:01  Overseer  
  105  15:08  Mutalisk x3  
  105  15:09  Mutalisk  
  113  15:19  Overseer  
  113  15:20  Drone  
  85  16:14  Overseer  
  85  16:18  Drone  
  85  16:20  Drone x7  
  92  16:52  Hatchery  
  91  16:59  Drone x3  
  94  17:07  Spine Crawler, Spore Crawler  
  74  17:33  Drone x19  
  74  17:40  Infestation Pit  
  73  17:58  Spire  
  72  17:59  Zerg Missile Weapons Level 2  
  72  18:13  Zergling x14  
  72  18:17  Drone x3  
  72  18:18  Drone x11  
  76  18:45  Zergling x2  
  76  18:46  Zergling x16  
  81  18:59  Spore Crawler  
  81  19:00  Spore Crawler  
  79  19:12  Mutalisk x4  
  72  20:04  Mutalisk  
  72  20:05  Mutalisk x5  
  84  20:07  Spawning Pool  
  81  20:31  Drone  
  81  20:32  Drone x3  
  85  20:37  Hatchery  
  84  21:00  Drone x15  
  84  21:04  Drone  
  80  21:14  Spore Crawler  
  80  21:15  Spore Crawler x2  
  76  21:39  Zergling x6, Spore Crawler  
  66  21:45  Drone x8  
  58  21:50  Drone x8  
  58  21:58  Drone x2  
  59  22:07  Drone x4  
  59  22:08  Spine Crawler  
  59  22:09  Drone x5  
  59  22:15  Spore Crawler  
  62  22:32  Zergling x2  
  62  22:33  Zergling x10  
  67  23:02  Mutalisk  
  67  23:03  Mutalisk x4  
  68  23:26  Zergling x14  
  68  23:27  Zergling x2  
  49  24:04  Pneumatized Carapace  
  35  24:17  Drone x4  
  35  24:24  Swarm Host x5  
  37  24:31  Zergling x4  
  51  24:40  Swarm Host x3  
  60  24:57  Zergling x2  
  60  24:58  Zergling x4  
  60  25:18  Zergling x12  
  66  25:21  Drone  
  66  25:51  Zergling x8  
  66  25:52  Zergling x10  
  70  26:04  Hatchery  
  70  26:05  Mutalisk x3  
  74  26:15  Zergling x6  
  77  26:21  Baneling x12  
  75  26:33  Zergling x6  
  69  27:01  Mutalisk x3  
  69  27:07  Drone x3  
  71  27:10  Zergling x6  
  70  27:18  Zergling x4  
  69  27:35  Zergling x12  
  69  27:41  Spore Crawler  
  69  27:42  Spine Crawler  
  63  27:44  Spore Crawler  
  54  28:01  Drone  
  54  28:03  Extractor  
  54  28:04  Extractor, Drone x3  
  54  28:05  Drone x3  
  58  28:12  Baneling x2  
  58  28:16  Drone x2  
  56  28:47  Drone x2  
  56  28:48  Extractor, Drone x3  
  60  28:49  Extractor, Drone  
  60  28:50  Drone x4  
  60  28:52  Extractor  
  60  28:53  Extractor, Drone x2  
  64  28:58  Spine Crawler  
  64  29:02  Spine Crawler  
  55  29:18  Zergling x2  
  55  29:19  Zergling x14  
  62  29:31  Spine Crawler  
  62  29:32  Spine Crawler  
  62  29:33  Zergling x4  
  62  29:34  Zergling x12  
  66  29:48  Swarm Host x4  
  73  30:26  Zergling x2  
  73  30:27  Zergling x16  
  75  30:47  Zergling x6  
  77  30:50  Baneling x6  
  73  31:28  Zergling x18  
  82  31:36  Lair  
  82  31:52  Hatchery  
  78  32:02  Swarm Host x5  
  93  32:10  Drone x3  
  96  32:16  Baneling x3  
  96  32:17  Zergling x2  
  96  32:18  Zergling x2  
  98  32:23  Overlord x2  
  98  32:33  Overseer  
  96  32:38  Zergling x2  
  96  32:42  Overlord  
  96  32:43  Overlord x3  
  97  32:50  Zergling x2  
  97  32:51  Zergling x6  
  92  33:20  Hydralisk Den  
  88  33:35  Extractor  
  88  33:36  Hatchery  
  88  33:37  Zergling x24  
  88  33:38  Extractor  
  97  33:50  Hydralisk x4  
  97  33:53  Baneling x4  
  105  34:02  Overseer  
  105  34:11  Overlord x3  
  105  34:13  Zergling x6  
  84  34:51  Drone x7  
  85  34:55  Hydralisk  
  87  35:01  Hatchery  
  87  35:02  Spore Crawler  
  87  35:03  Spore Crawler  
  73  35:15  Hydralisk x3  
  76  35:24  Hydralisk  
  78  35:34  Hydralisk  
  80  36:03  Drone x2  
  80  36:04  Drone x9  
  80  36:18  Drone x3  
  83  36:29  Hydralisk x3  
  89  36:43  Spawning Pool, Swarm Host  
  99  37:20  Spine Crawler  
Tags
 
Composition
Swarm Host
Matchup
PvZ
Opening
Pool First
Spawn Locations
Cross Positions
Add a new tag
Caveats
  • Supply blocks, unpowered buildings, or Contaminate may cause inaccurate times.
  • Supply counts are checked every 10 seconds.